[Event "Gibraltar Challengers A 2020"]
[Site "Caleta"]
[Date "2020.01.21"]
[Round "2.26"]
[White "Aura, Kristian"]
[Black "Vila Dupla, Aurelio"]
[Result "0-1"]
[ECO "D85"]
[WhiteElo "1928"]
[BlackElo "2092"]
[Annotator "NA"]
[PlyCount "52"]
[EventDate "2020.01.20"]
[EventType "swiss"]
[EventCountry "GGB"]
[SourceTitle "playchess.com"]
[Source "ChessBase"]
[SourceQuality "1"]
[TimeControl "6600+10"]

1. d4 Nf6 2. Nf3 (2. c4 g6 3. Nc3 d5 4. cxd5 Nxd5 5. e4 Nxc3 6. bxc3 Bg7 7. Be3 c5 8. Rc1 O-O 9. Nf3 Qa5 10. Qd2 cxd4 11. cxd4 Qxd2+ 12. Nxd2 Rd8 13. Nf3 Nc6 14. d5 Nb4 15. Bd2 Na6 16. Bg5 Kf8 17. Bxa6 bxa6 18. O-O Rb8 19. Rc7 Rd7 20. Rc6 Rdb7 21. Bf4 Ra8 22. Rfc1 Bd7 {1-0 (58) Carlsen,M (2875)-Mamedyarov,S (2774) Stavanger 2019}) 2... g6 3. c4 Bg7 4. Nc3 d5 5. cxd5 Nxd5 6. e4 Nxc3 7. bxc3 c5 8. Be3 Qa5 9. Qd2 Nc6 10. Rc1 cxd4 11. cxd4 Qxd2+ 12. Kxd2 O-O 13. d5 Rd8 14. Ke1 Nb4 15. a3 {[%emt 0:02:44] D85: Exchange Grünfeld: Unusual White 7th moves and lines with 7 Nf3} Na2 16. Rc2 (16. Rc4 $1 $11 {keeps the balance.}) 16... Nc3 17. Bd3 $146 ({Predecessor:} 17. Nd2 e6 18. Bg5 Rd7 19. dxe6 fxe6 20. Bc4 Kf7 21. f4 b5 22. Bb3 h6 {1-0 (57) Werner,G (2165)-Schumacher,C (2020) Germany 2015}) 17... f5 18. Nd2 fxe4 19. Nxe4 Bf5 20. f3 Nxd5 21. Bc4 Kf8 22. Re2 Nxe3 23. Rxe3 Rac8 24. Bf1 Rc1+ 25. Ke2 Rc2+ 26. Ke1 $19 Bxe4 0-1

[Event "Gibraltar Challengers A 2020"]
[Site "Caleta"]
[Date "2020.01.21"]
[Round "2.27"]
[White "Vinal Gutierrez, Pedro"]
[Black "Fischer, Robert"]
[Result "1-0"]
[ECO "B13"]
[WhiteElo "2069"]
[BlackElo "1923"]
[Annotator "NA"]
[PlyCount "79"]
[EventDate "2020.01.20"]
[EventType "swiss"]
[EventCountry "GGB"]
[SourceTitle "playchess.com"]
[Source "ChessBase"]
[SourceQuality "1"]
[TimeControl "6600+10"]

1. d4 d5 2. Bf4 c5 3. e3 cxd4 4. exd4 Nc6 5. c3 Bf5 6. Qb3 {[%emt 0:01:29] B13: Caro-Kann: Exchange Variation and Panov-Botvinnik Attack} (6. Nd2 e6 7. Ngf3 Bd6 8. Bxd6 Qxd6 9. Nh4 Bg6 10. g3 Nf6 11. Nxg6 hxg6 12. Bd3 O-O-O 13. Nf3 {½-½ (55) Duda,J (2758)-Artemiev,V (2731) Moscow 2019}) 6... Qd7 7. Nf3 e6 8. Nbd2 Nf6 9. Ne5 Qc8 10. Be2 Be7 (10... Bd6 $11) 11. g4 Bg6 {[%emt 0:09:34] [#]} 12. h4 $1 h5 $146 ({Predecessor:} 12... h6 13. Nxg6 fxg6 14. Qc2 Kf7 15. h5 {1-0 (38) Mohammadi,H (2267)-Akbarinia,S (2278) Mashad 2003}) 13. Nxg6 fxg6 14. g5 Nd7 15. Bg3 Nf8 (15... Bd8 $16 16. Bd3 Ne7) 16. Nf3 Bd8 17. O-O Bc7 18. Kg2 Bxg3 19. fxg3 Qc7 20. Rae1 O-O-O 21. Bb5 Ne7 22. Ne5 Nf5 23. Rf3 Kb8 24. Bd3 Rd6 25. Qc2 Rb6 26. Re2 Rg8 27. Qd2 Qc8 28. a4 Qe8 29. a5 Rd6 30. Qf4 Ka8 31. Rff2 Rd8 32. b4 Nd6 33. a6 b6 34. Nf7 Nxf7 35. Qxf7 Qxf7 36. Rxf7 Rd6 37. Bb5 Kb8 $18 38. Ref2 Nh7 39. Rb7+ Kc8 40. Rxa7 1-0

[Event "Gibraltar Challengers A 2020"]
[Site "Caleta"]
[Date "2020.01.21"]
[Round "2.28"]
[White "Lung, Liviu-Catalin"]
[Black "Brown, David"]
[Result "1-0"]
[ECO "C60"]
[WhiteElo "2041"]
[BlackElo "1916"]
[Annotator "NA"]
[PlyCount "90"]
[EventDate "2020.01.20"]
[EventType "swiss"]
[EventCountry "GGB"]
[SourceTitle "playchess.com"]
[Source "ChessBase"]
[SourceQuality "1"]
[TimeControl "6600+10"]

1. e4 e5 2. Nf3 Nc6 3. Bb5 Nge7 4. c3 d6 5. d4 Bd7 6. O-O Ng6 7. Nbd2 {[%emt 0:03:41] C60: Ruy Lopez: Unusual Black 3rd moves and 3...g6} (7. d5 Nb8 8. Bxd7+ Nxd7 9. c4 Be7 10. Nc3 O-O 11. g3 h6 12. Be3 Nf6 13. Ne1 Nh7 14. f3 Qd7 15. Nd3 {½-½ (47) Karjakin,S (2777)-Dvalishvili,P (2439) Moscow 2014}) 7... Be7 8. Re1 O-O 9. Nf1 Nh4 10. Bxc6 $146 ({Predecessor:} 10. Nxh4 Bxh4 11. Ng3 Bf6 12. Be3 g6 {½-½ (12) Grosar,A (2475)-Sermek,D (2515) Ptuj 1995}) 10... Nxf3+ 11. Qxf3 Bxc6 12. Ng3 Bg5 13. Qg4 Bxc1 14. Raxc1 Qf6 15. d5 Be8 16. c4 b6 17. Rc3 a5 18. Rf3 Qg6 19. Qh4 f6 20. Nf5 Qh5 $1 21. Qg3 g6 22. h3 Bd7 23. Ne3 f5 24. exf5 Bxf5 25. Qh2 Bd7 26. g4 Qh6 27. Rg3 Rf4 28. b3 Raf8 29. Rf1 Rf3 (29... Rd4 $142 30. a4 Rd3) 30. Qg2 e4 31. Re1 Qh4 32. Nf1 Rxf2 33. Qxf2 Rxf2 34. Kxf2 Qf6+ 35. Kg1 Qd4+ 36. Rge3 h5 37. gxh5 gxh5 38. Ng3 Bxh3 39. Nxe4 h4 40. Kh2 Bg4 41. Nf2 $15 Qf4+ 42. Kg1 Bf3 43. Re8+ Kg7 44. R1e7+ Kg6 45. Rg8+ Kh6 1-0

[Event "Gibraltar Challengers A 2020"]
[Site "Caleta"]
[Date "2020.01.21"]
[Round "2.29"]
[White "Rakotomaharo, Yves Andre"]
[Black "Tranter, Stephen"]
[Result "0-1"]
[ECO "B00"]
[WhiteElo "2020"]
[BlackElo "1899"]
[Annotator "NA"]
[PlyCount "112"]
[EventDate "2020.01.20"]
[EventType "swiss"]
[EventCountry "GGB"]
[SourceTitle "playchess.com"]
[Source "ChessBase"]
[SourceQuality "1"]
[TimeControl "6600+10"]

1. d4 e6 2. e4 b6 3. Bd3 Bb7 4. Nf3 Nf6 5. Qe2 c5 6. c3 Nc6 {[%emt 0:00:49] B00: Queen's Fianchetto Defence, Nimzowitsch Defence} (6... Be7 7. O-O d5 8. e5 Nfd7 9. Nbd2 Qc8 10. Re1 cxd4 11. cxd4 Ba6 12. Nf1 Bxd3 13. Qxd3 Qa6 14. Qd1 Nc6 15. a3 {1-0 (29) Vitiugov,N (2725)-Edouard,R (2636) Berlin 2015}) 7. d5 Ne7 8. c4 d6 9. dxe6 (9. Bc2 $18) 9... fxe6 10. Bg5 $146 ({Predecessor:} 10. O-O e5 11. Nc3 Nc6 12. Nd5 Be7 13. Be3 O-O 14. a3 Nxd5 15. exd5 {1-0 (35) Gusain,H (2108)-Shah,D (1791) Nagpur 2008}) 10... e5 (10... Nc6 $11) 11. Nc3 (11. Bxf6 $5 gxf6 12. Nc3 $14) 11... Qd7 12. O-O-O O-O-O 13. Bc2 Nc6 14. Ba4 Qf7 15. Nd5 Ne7 16. Kb1 Nfxd5 17. cxd5 h6 18. Bc1 g5 19. Nd2 Ng6 20. g3 Be7 21. Bb5 h5 {[%emt 0:02:22] [#]} 22. h3 ({White should try} 22. a4 $1 $18) 22... Rdf8 23. Rdf1 Rh7 24. a4 Bd8 25. Nc4 Kc7 26. Ne3 Ne7 27. a5 Qf3 28. axb6+ axb6 29. Qc2 h4 30. Be2 Qf7 31. Qa4 Ng6 32. Bg4 Qe8 $1 33. Qxe8 Rxe8 34. Bf5 Rg7 35. Ng4 Ba6 36. Rd1 Rf8 37. Bxg6 Rxg6 38. gxh4 gxh4 39. Rhe1 Bc8 40. Rf1 Bxg4 41. hxg4 Rxg4 42. f3 Rg2 43. f4 Re2 44. fxe5 Rxf1 45. exd6+ Kxd6 46. e5+ Rxe5 47. Rxf1 Rxd5 48. Bf4+ Kc6 49. Rg1 Kb5 50. Rg6 Rf5 51. Bb8 $19 Bf6 52. Rg2 h3 53. Rh2 Rf3 54. Kc2 Kc4 55. Bc7 b5 56. Re2 Bd4 0-1

[Event "Gibraltar Challengers A 2020"]
[Site "Caleta"]
[Date "2020.01.21"]
[Round "2.30"]
[White "Gostelow, David W"]
[Black "Kozarcanin, Sead"]
[Result "1-0"]
[ECO "D02"]
[WhiteElo "1901"]
[BlackElo "2019"]
[Annotator "NA"]
[PlyCount "100"]
[EventDate "2020.01.20"]
[EventType "swiss"]
[EventCountry "GGB"]
[SourceTitle "playchess.com"]
[Source "ChessBase"]
[SourceQuality "1"]
[TimeControl "6600+10"]

1. d4 d5 2. Bf4 c5 3. e3 Nc6 4. c3 e6 5. Nf3 Bd6 6. Bg3 Nf6 7. Nbd2 O-O 8. Bd3 h6 {[%emt 0:02:09] D02: 1 d4 d5 2 Nf3 sidelines, including 2...Nf6 3 g3 and 2...Nf6 3 Bf4} (8... b6 9. Qe2 Bb7 10. Rd1 Re8 11. e4 Be7 12. e5 Nh5 13. h4 cxd4 14. Nxd4 Nxg3 15. fxg3 Bc5 16. N2f3 f5 {½-½ (45) Esipenko,A (2593)-Karjakin,S (2753) St Petersburg 2018}) 9. Ne5 Qc7 10. f4 Nd7 11. O-O f5 $146 ({Predecessor:} 11... Qb6 12. Rb1 cxd4 13. exd4 Ndxe5 14. fxe5 Nxe5 15. Bxe5 Bxe5 16. Nf3 {0-1 (28) Lenz,J (1083)-Harney,T (2028) LSS email 2013}) 12. Bh4 Nf6 13. Bxf6 Rxf6 14. Rf2 Bd7 15. Qh5 Be8 16. Qe2 g5 17. g3 Qg7 18. Kh1 g4 19. Rg1 h5 20. h3 Rh6 21. Rh2 Bxe5 22. dxe5 Rd8 23. hxg4 hxg4 24. Rgg2 d4 25. e4 dxc3 26. bxc3 Ne7 27. Rxh6 Qxh6+ 28. Rh2 Qg6 29. Nc4 Bc6 30. Nd6 $11 fxe4 31. Bxe4 Rxd6 32. exd6 Bxe4+ 33. Kg1 Nc6 34. Rh4 Bf3 35. Qd2 c4 36. Kf2 Qf5 37. d7 Qc5+ 38. Qe3 Qf5 39. Qd2 Bd5 40. Rh6 Kg7 41. Rh4 Kf7 42. Qe2 Bf3 43. Qd2 Ke7 44. Rh8 Qc5+ 45. Qe3 Qxe3+ 46. Kxe3 Nd8 47. Rh7+ Kd6 48. Kd4 Nc6+ 49. Kxc4 Be4 50. Rg7 Bf5 1-0

[Event "Gibraltar Challengers A 2020"]
[Site "Caleta"]
[Date "2020.01.21"]
[Round "2.31"]
[White "Verhoef, Jaap"]
[Black "O`neil, Jim"]
[Result "1/2-1/2"]
[ECO "B98"]
[WhiteElo "2015"]
[BlackElo "1870"]
[Annotator "NA"]
[PlyCount "129"]
[EventDate "2020.01.20"]
[EventType "swiss"]
[EventCountry "GGB"]
[SourceTitle "playchess.com"]
[Source "ChessBase"]
[SourceQuality "1"]
[TimeControl "6600+10"]

1. e4 c5 2. Nf3 d6 3. d4 cxd4 4. Nxd4 Nf6 5. Nc3 a6 6. Bg5 e6 7. f4 Be7 8. Qf3 Nbd7 9. Bc4 h6 10. Bxf6 {[%emt 0:03:39] B98: Sicilian Najdorf: 6 Bg5 e6 7 f4 Be7, sidelines} Nxf6 (10... Bxf6 11. O-O-O Qb6 12. Nxe6 fxe6 13. Bxe6 Nf8 14. Bb3 Bxc3 15. Qxc3 Be6 16. Ba4+ Kf7 17. f5 {½-½ (17) Betker,J (2452)-Janisch,M (2387) GER email 2016}) 11. f5 e5 12. Nde2 b5 13. Bb3 Bb7 14. Ng3 $146 ({Predecessor:} 14. O-O-O O-O 15. g4 b4 16. Nd5 a5 17. Nxf6+ Bxf6 {0-1 (31) Kosakowski,J (1724)-Liang,A (2006) Maribor 2012}) 14... Rc8 15. Nh5 Nxh5 16. Qxh5 O-O 17. O-O-O Rxc3 18. bxc3 Qa5 (18... Bxe4 $17 19. Rhe1 Bc6) 19. Rd3 Bxe4 20. Rg3 Bg5+ 21. Rxg5 hxg5 22. Qxg5 Qd8 23. Qg4 d5 24. Rf1 Qf6 25. Qd1 Rd8 26. g4 Qh6+ 27. Qd2 f6 28. Re1 Kf8 29. h4 Qxd2+ 30. Kxd2 Ke7 31. Ke3 ({White should play} 31. Re3 $15) 31... Rh8 32. h5 Rc8 33. Kd2 Kd6 (33... Bf3 $19 34. Rb1 Kd6) 34. Re3 $11 Bg2 35. Rg3 Be4 36. g5 $2 Bxf5 37. gxf6 gxf6 38. Rf3 Be6 39. Rxf6 e4 40. h6 Rh8 41. Rg6 Ke5 42. Rg5+ Kf6 43. Rh5 Kg6 44. Re5 Bf7 45. Ke3 Kf6 46. Kd4 Rd8 47. h7 Kg7 48. Rf5 Rd7 49. Rxf7+ Rxf7 50. Bxd5 Rd7 51. Kxe4 Kxh7 52. c4 bxc4 53. Bxc4 a5 54. Bd5 Kg7 55. Ke5 Kf8 56. c4 Ke7 57. c5 Kd8 58. c6 Rh7 59. Kd6 Rc7 60. a4 Ra7 61. Be6 Rc7 62. Kc5 Re7 63. Kd6 Rc7 64. Bd7 $11 Rxd7+ 65. cxd7 1/2-1/2

[Event "Gibraltar Challengers A 2020"]
[Site "Caleta"]
[Date "2020.01.21"]
[Round "2.32"]
[White "Kaplan, Amiram"]
[Black "Bujakevich, Aleksandr"]
[Result "1/2-1/2"]
[WhiteElo "1880"]
[BlackElo "2014"]
[Annotator "NA"]
[PlyCount "20"]
[EventDate "2020.01.20"]
[EventType "swiss"]
[EventCountry "GGB"]
[SourceTitle "playchess.com"]
[Source "ChessBase"]
[SourceQuality "1"]
[TimeControl "6600+10"]

1. e4 e5 2. Nf3 Nc6 3. Bb5 a6 4. Ba4 Nf6 5. O-O b5 6. Bb3 Bb7 7. Re1 Bc5 8. c3 d6 $11 9. d4 Bb6 10. Bg5 h6 1/2-1/2

[Event "Gibraltar Challengers A 2020"]
[Site "Caleta"]
[Date "2020.01.21"]
[Round "2.33"]
[White "Burke, Mitchell R"]
[Black "Auvinen, Esa"]
[Result "1-0"]
[ECO "C33"]
[WhiteElo "2001"]
[BlackElo "1850"]
[Annotator "NA"]
[PlyCount "55"]
[EventDate "2020.01.20"]
[EventType "swiss"]
[EventCountry "GGB"]
[SourceTitle "playchess.com"]
[Source "ChessBase"]
[SourceQuality "1"]
[TimeControl "6600+10"]

1. e4 e5 2. f4 exf4 3. Bc4 d6 4. d4 Qh4+ 5. Kf1 Bg4 6. Nf3 {[%emt 0:10:45] C33: King's Gambit Accepted: 3 Nc3 and 3 Bc4} Nc6 7. Nc3 Bxf3 $1 8. gxf3 Na5 $146 (8... g5 $17 9. Nd5 O-O-O) ({Predecessor:} 8... Nge7 9. Nd5 Nxd5 10. Bxd5 Nd8 11. Qd2 {0-1 (22) Sosa,T (2520)-Oratovsky,M (2423) Elgoibar 2019}) 9. Bb5+ c6 10. Bd3 b5 11. b4 Nc4 12. Bxc4 bxc4 13. Qe2 Ne7 14. Qxc4 g6 15. b5 Rc8 16. bxc6 Rxc6 17. Qa4 $1 Qh3+ 18. Kf2 Qd7 19. Ne2 g5 20. h4 f6 21. d5 Rc5 22. Qxd7+ Kxd7 23. Bb2 Rxc2 24. Bxf6 Rg8 25. hxg5 Rg6 $18 26. Rxh7 Ke8 27. Rb1 Rc8 28. Nxf4 1-0

[Event "Gibraltar Challengers A 2020"]
[Site "Caleta"]
[Date "2020.01.21"]
[Round "2.34"]
[White "Niharika Ch"]
[Black "Skutta, Bernd"]
[Result "0-1"]
[ECO "B15"]
[WhiteElo "1865"]
[BlackElo "1998"]
[Annotator "NA"]
[PlyCount "64"]
[EventDate "2020.01.20"]
[EventType "swiss"]
[EventCountry "GGB"]
[SourceTitle "playchess.com"]
[Source "ChessBase"]
[SourceQuality "1"]
[TimeControl "6600+10"]

1. e4 g6 2. d4 Bg7 3. Nc3 c6 4. Be3 d5 5. f3 Qb6 6. Qd2 Qxb2 7. Rb1 Qa3 8. Rb3 {[%emt 0:00:37] B15: Caro-Kann: 3 Nc3: 3...g6 and 3...dxe4 4 Nxe4 Nf6 5 Nxf6+ exf6} (8. exd5 Nf6 9. Bc4 O-O 10. Nge2 b5 11. Bb3 b4 12. Na4 Nxd5 13. Bh6 Nc3 14. Bxg7 Kxg7 15. Nexc3 bxc3 16. Qxc3 {½-½ (113) Kadric,D (2554)-Saric,I (2695) Skopje 2018}) 8... Qa5 9. exd5 Nf6 10. dxc6 bxc6 11. Nge2 $146 ({Predecessor:} 11. Bd3 O-O 12. Nge2 Nbd7 13. O-O Nb6 14. Nb1 Qxd2 15. Nxd2 Nfd5 {0-1 (42) Escobar Medina,A (2290)-Almeida Quintana,O (2518) Medellin 2016}) 11... O-O 12. Nf4 Nbd7 13. Bd3 e5 14. dxe5 Nxe5 15. O-O Nxd3 16. cxd3 Ba6 17. Rd1 Rfe8 18. Ne4 Qe5 19. Ne2 c5 (19... Rad8 $15) 20. N2g3 Nxe4 21. dxe4 c4 $17 22. Ra3 c3 23. Qc2 Bb5 24. Rd5 Qxd5 25. exd5 Rxe3 26. h3 Bd3 27. Qc1 Rae8 28. Ne4 Bd4 29. Kh1 Bxe4 30. fxe4 R8xe4 31. Qc2 Re1+ 32. Kh2 Be5+ 0-1

[Event "Gibraltar Challengers A 2020"]
[Site "Caleta"]
[Date "2020.01.21"]
[Round "2.35"]
[White "Garcia-Blazquez Perez, Manuel"]
[Black "Cannon, Richard J"]
[Result "1/2-1/2"]
[ECO "C01"]
[WhiteElo "1825"]
[BlackElo "1990"]
[Annotator "NA"]
[PlyCount "113"]
[EventDate "2020.01.20"]
[EventType "swiss"]
[EventCountry "GGB"]
[SourceTitle "playchess.com"]
[Source "ChessBase"]
[SourceQuality "1"]
[TimeControl "6600+10"]

1. e4 e6 2. d4 d5 3. Bd3 Nf6 4. e5 Nfd7 5. f4 c5 6. c3 Nc6 7. Nf3 cxd4 8. cxd4 Qb6 9. Bc2 Nb4 10. O-O Nxc2 11. Qxc2 Be7 12. Nc3 O-O 13. a3 a5 14. Be3 Qa6 15. Ng5 g6 $16 (15... f5 $1 $11) 16. f5 exf5 17. Nxd5 Bd8 18. b4 Nb6 19. Nxb6 Bxb6 20. Qb3 h6 21. Nf3 Be6 22. Qb2 Kg7 23. Qd2 Rh8 24. b5 Qxb5 25. Rab1 Bb3 26. d5 a4 27. Nd4 Qxd5 28. Rxb3 Bxd4 29. Bxd4 Qxb3 30. e6+ f6 31. Bxf6+ Kxf6 32. Qd4+ Ke7 33. Qd7+ Kf6 34. Qf7+ Ke5 35. Re1+ Kd4 36. Qd7+ Kc5 37. Re5+ Kc4 38. Qd5+ Kc3 39. Re3+ Kb2 40. Qd2+ Qc2 41. Qd4+ Ka2 42. Qd5+ Qb3 43. Re2+ Kb1 44. Re1+ Ka2 45. Re2+ Kb1 46. Re1+ Ka2 47. Re2+ Kb1 48. Qd2 Ka1 49. Qd4+ Kb1 50. Qd2 Ka1 51. Re1+ Qb1 52. Qc3+ Ka2 53. Qc4+ Qb3 54. Re2+ Kb1 55. Re1+ Ka2 56. Re2+ Kb1 57. Re1+ 1/2-1/2

[Event "Gibraltar Challengers A 2020"]
[Site "Caleta"]
[Date "2020.01.21"]
[Round "2.36"]
[White "Campuzano, Franco"]
[Black "Paul, Nathanael"]
[Result "0-1"]
[ECO "D02"]
[WhiteElo "1785"]
[BlackElo "1987"]
[Annotator "NA"]
[PlyCount "82"]
[EventDate "2020.01.20"]
[EventType "swiss"]
[EventCountry "GGB"]
[SourceTitle "playchess.com"]
[Source "ChessBase"]
[SourceQuality "1"]
[TimeControl "6600+10"]

1. d4 d5 2. Nf3 Nf6 3. Bf4 c5 4. Nbd2 cxd4 5. Nxd4 Nc6 6. N2f3 g6 7. e3 a6 8. a4 Bg7 9. Be2 O-O 10. h3 Ne4 11. O-O f6 12. c4 e5 13. Nxc6 bxc6 14. Bh2 Be6 15. Qc2 $17 Qa5 16. Bd3 Nc5 17. e4 Nxd3 18. Qxd3 d4 19. Rfb1 Rab8 20. Ne1 f5 21. f3 Rf7 22. Nc2 Qc5 23. b4 Bxc4 24. Qxd4 exd4 25. bxc5 Re8 26. Rb4 Bd3 27. Nxd4 fxe4 28. a5 Rd7 29. Raa4 Bf8 30. Nb3 Bc2 31. fxe4 Rd3 32. Bd6 Bxb3 33. Ra3 Bc4 34. Rxd3 Bxd3 35. e5 Bb5 36. Kf2 Bxd6 37. exd6 Re5 38. d7 Rd5 39. Ke3 Rxd7 40. Rd4 Rxd4 41. Kxd4 Kf7 0-1

[Event "Gibraltar Challengers A 2020"]
[Site "Caleta"]
[Date "2020.01.21"]
[Round "2.37"]
[White "Herzwurm, Robert"]
[Black "Lafour, Jephte"]
[Result "1-0"]
[ECO "B01"]
[WhiteElo "1979"]
[BlackElo "1690"]
[Annotator "NA"]
[PlyCount "45"]
[EventDate "2020.01.20"]
[EventType "swiss"]
[EventCountry "GGB"]
[SourceTitle "playchess.com"]
[Source "ChessBase"]
[SourceQuality "1"]
[TimeControl "6600+10"]

1. e4 d5 2. exd5 Qxd5 3. Nc3 Qd6 4. d4 c6 5. Bd3 Nf6 6. Nge2 Bg4 7. f3 Bh5 8. Bf4 Qd8 9. Qd2 e6 $14 10. a3 a5 11. Bg3 Bg6 12. Ne4 Be7 13. O-O O-O 14. c4 Na6 15. Rad1 Nc7 16. Qc3 Nfe8 17. Nf4 Bf5 18. Nf6+ Bxf6 19. Bxf5 exf5 20. Qd3 g6 21. b3 Bh4 22. Bf2 Bxf2+ 23. Rxf2 1-0

[Event "Gibraltar Challengers A 2020"]
[Site "Caleta"]
[Date "2020.01.21"]
[Round "2.38"]
[White "Hng, Mei-Xian Eunice"]
[Black "Manukonda Arun"]
[Result "0-1"]
[ECO "B21"]
[WhiteElo "1661"]
[BlackElo "1959"]
[Annotator "NA"]
[PlyCount "70"]
[EventDate "2020.01.20"]
[EventType "swiss"]
[EventCountry "GGB"]
[SourceTitle "playchess.com"]
[Source "ChessBase"]
[SourceQuality "1"]
[TimeControl "6600+10"]

1. e4 c5 2. d4 cxd4 3. c3 dxc3 4. Nxc3 Nc6 5. Bc4 e6 6. Nf3 a6 7. O-O b5 8. Bb3 d6 9. Qe2 Ra7 10. Be3 {[%emt 0:14:42] B21: Sicilian: 2 f4 and Morra Gambit} Rd7 11. Nxb5 axb5 12. Qxb5 Bb7 (12... Nge7 $11) 13. Ba4 Qa5 $146 ({Predecessor:} 13... Nge7 14. Rfc1 Qa8 15. Nd4 Rc7 16. Qb6 Qxa4 17. Qxc7 Nxd4 18. Bxd4 {0-1 (43) Kacakovski,D (2190)-Ivanov,J (2435) Albena 2009}) 14. Qxa5 Nxa5 15. Bxd7+ Kxd7 16. Rfc1 Be7 (16... g6 $14) 17. b4 Nc6 18. Bb6 Bd8 19. Bxd8 Nxd8 20. a4 Bxe4 21. a5 Ne7 22. a6 Nc8 $11 23. b5 Nb6 24. Nd2 Bd5 25. Ra3 e5 26. a7 Ne6 27. Ra6 Na8 28. Nc4 Nf4 29. Rc2 Bxc4 30. Rxc4 Nd5 31. g3 Nab6 32. Rc6 Ra8 33. Ra3 Nc8 34. Rca6 Ndb6 35. Rf3 f6 0-1

[Event "Gibraltar Challengers A 2020"]
[Site "Caleta"]
[Date "2020.01.21"]
[Round "3.22"]
[White "Manukonda Arun"]
[Black "Ruperez, Miguel"]
[Result "0-1"]
[ECO "E32"]
[WhiteElo "1959"]
[BlackElo "2126"]
[Annotator "ChessBase"]
[PlyCount "50"]
[EventDate "2020.01.20"]
[EventType "swiss"]
[EventCountry "GGB"]
[SourceTitle "playchess.com"]
[Source "ChessBase"]
[SourceQuality "1"]
[TimeControl "6600+10"]

1. d4 Nf6 2. c4 e6 3. Nc3 Bb4 4. Qc2 d6 5. Nf3 Nbd7 6. g3 b6 7. Bg2 Bb7 8. O-O Bxc3 9. Qxc3 O-O 10. b3 Qe7 11. Bb2 Ne4 12. Qc2 f5 13. Nd2 Nxd2 14. Qxd2 Bxg2 15. Kxg2 f4 16. f3 Qg5 17. Rae1 Rf6 18. e3 fxg3 19. hxg3 Rg6 20. Qf2 Nf6 21. f4 Qf5 22. Qe2 Ne4 23. Rf3 Qg4 24. Kg1 Nxg3 25. Qg2 Qh4 0-1

[Event "Gibraltar Challengers A 2020"]
[Site "Caleta"]
[Date "2020.01.21"]
[Round "3.23"]
[White "Vila Dupla, Aurelio"]
[Black "Gostelow, David W"]
[Result "1-0"]
[ECO "D60"]
[WhiteElo "2092"]
[BlackElo "1901"]
[Annotator "NA RC"]
[PlyCount "107"]
[EventDate "2020.01.20"]
[EventType "swiss"]
[EventCountry "GGB"]
[SourceTitle "playchess.com"]
[Source "ChessBase"]
[SourceQuality "1"]
[TimeControl "6600+10"]

1. Nf3 d5 2. d4 Nf6 3. c4 c6 4. Nc3 e6 5. Qb3 Nbd7 6. Bg5 Be7 7. e3 O-O 8. Bd3 h6 {[%emt 0:00:22] D60: Queen's Gambit Declined: Classical: Unusual White 7th moves} 9. Bf4 Nh5 $146 ({Predecessor:} 9... dxc4 10. Qxc4 Nd5 11. Bg3 Nb4 12. Bb1 b6 13. Qb3 Ba6 14. Qd1 c5 15. a3 Nd5 16. Nxd5 exd5 {½-½ (49) Roiz,M (2614)-Aaron,D (2322) Las Vegas 2013}) 10. Bg3 Nxg3 11. hxg3 f5 12. cxd5 cxd5 13. Rc1 a6 14. Nh4 Bxh4 15. Rxh4 Qb6 16. Na4 Qxb3 17. axb3 b5 18. Nc5 Nxc5 19. Rxc5 Bd7 20. Kd2 Rfc8 21. Rxc8+ Rxc8 22. Rh1 Kf7 23. Be2 Kf6 24. g4 Rc7 25. Ra1 Bc8 26. Bf3 Bb7 27. Kd3 Rc8 28. g3 Rc7 29. Be2 Rc8 30. Kd2 Rc7 31. Rh1 Rc8 32. Rh5 Rc7 33. gxf5 exf5 34. Bd3 Bc8 35. g4 fxg4 36. Rxd5 Ke6 (36... Ke7 $11 {keeps the balance.}) 37. e4 Rf7 38. Ke3 Bb7 39. Re5+ Kd6 40. Be2 Bc8 41. Re8 Rc7 42. e5+ Kd7 43. Rg8 Kc6 44. Rd8 Bd7 45. Ke4 h5 46. d5+ Kc5 47. e6 Bxe6 48. dxe6 Kb4 49. Rd7 Rc6 50. Kf5 Rc2 51. Rd4+ $18 Kxb3 52. Bd1 Kxb2 53. Bxc2 Kxc2 54. e7 1-0

[Event "Gibraltar Challengers A 2020"]
[Site "Caleta"]
[Date "2020.01.21"]
[Round "3.25"]
[White "Hermes, Geoff R"]
[Black "Vinal Gutierrez, Pedro"]
[Result "0-1"]
[ECO "D00"]
[WhiteElo "1832"]
[BlackElo "2069"]
[Annotator "NA RC"]
[PlyCount "34"]
[EventDate "2020.01.20"]
[EventType "swiss"]
[EventCountry "GGB"]
[SourceTitle "playchess.com"]
[Source "ChessBase"]
[SourceQuality "1"]
[TimeControl "6600+10"]

1. d4 d5 2. Bf4 Nf6 3. e3 c5 4. Nd2 Qb6 5. dxc5 Qxc5 6. Bd3 Nc6 7. Ngf3 Bg4 8. h3 Bh5 9. Nb3 Qb6 10. g4 Bg6 11. Ne5 e6 12. Bxg6 (12. Qe2 $11) 12... hxg6 13. Qf3 a5 14. Nxf7 Kxf7 15. g5 a4 16. gxf6 axb3 17. Bg5 Ne5 $19 (17... Ke8 ) 0-1

[Event "Gibraltar Challengers A 2020"]
[Site "Caleta"]
[Date "2020.01.21"]
[Round "3.26"]
[White "Erdogan, Hassan"]
[Black "Kukic, Boris"]
[Result "1-0"]
[ECO "D02"]
[WhiteElo "1830"]
[BlackElo "2056"]
[Annotator "NA RC"]
[PlyCount "74"]
[EventDate "2020.01.20"]
[EventType "swiss"]
[EventCountry "GGB"]
[SourceTitle "playchess.com"]
[Source "ChessBase"]
[SourceQuality "1"]
[TimeControl "6600+10"]

1. d4 d5 2. e3 Bf5 3. Bd3 Bg6 4. Nf3 e6 5. O-O Nf6 (5... c6 6. Ne5 Nd7 7. Nxg6 hxg6 8. Nc3 Qh4 9. h3 Ngf6 10. Re1 g5 11. e4 g4 12. exd5 cxd5 {1-0 (74) Jussupow,A (2582)-Moskalenko,A (2522) Katowice 2017}) 6. c3 {[%emt 0:01:31] D02: 1 d4 d5 2 Nf3 sidelines, including 2...Nf6 3 g3 and 2...Nf6 3 Bf4} Bd6 7. b3 $146 ({Predecessor:} 7. Qe2 Nbd7 8. Nbd2 O-O 9. e4 dxe4 10. Nxe4 Be7 11. Nxf6+ Bxf6 12. Bxg6 hxg6 13. h3 {0-1 (47) Dziallas,D (1103)-Lai,H (1664) Verden 2014}) 7... Qe7 8. Bb2 Nbd7 9. Qc2 c6 (9... e5 $5 10. Bf5 e4 $15) 10. Nbd2 Rc8 11. Rac1 a6 12. Rfe1 c5 13. Qb1 O-O 14. Bxg6 fxg6 15. c4 e5 {[%emt 0:02:58] [#]} (15... dxc4 $14 16. Nxc4 cxd4) 16. dxe5 $1 Bxe5 17. Nxe5 Nxe5 18. Bxe5 Qxe5 19. Nf3 Qe6 20. cxd5 Nxd5 21. Qb2 Nb4 22. Qe2 b5 23. a3 Nd5 $11 24. Red1 Nf4 25. Qd2 Nxg2 26. Ng5 Qg4 27. Qd5+ Kh8 28. Qxg2 Qe2 29. Rf1 c4 30. bxc4 bxc4 31. Qh3 h6 32. Ne6 Rfe8 33. Nf4 Qb2 34. Nxg6+ Kg8 35. Ne7+ Rxe7 36. Qxc8+ Kh7 37. Rxc4 Rc7 1-0